 Dungeon Crawl Stone Soup version 0.26-a0-665-gefeb406119 (webtiles) character file.

Game seed: 13195566950976971725

4881 Ijustatesigmund the Covert (level 10, -2/52 HPs)
             Began as a Spriggan Delver on Oct 13, 2020.
             Was a Follower of Ashenzari.
             Hit by a large rock thrown by a cyclops (37 damage)
             ... on level 11 of the Dungeon on Oct 14, 2020.
             The game lasted 00:30:58 (10005 turns).

Ijustatesigmund the Covert (Spriggan Delver)       Turns: 10005, Time: 00:30:59

Health: -2/52      AC:  7    Str:  8    XL:     10   Next: 26%
Magic:  11/11      EV: 26    Int: 13    God:    Ashenzari [*.....]
Gold:   548        SH: 13    Dex: 20    Spells: 9/9 levels left

rFire    . . .     SeeInvis +   a - +1 short sword (curse)
rCold    . . .     Faith    .   u - +1 buckler (curse)
rNeg     + . .     Spirit   .   b - +1 robe {rN+}
rPois    .         Reflect  +   t - +1 hat (curse)
rElec    .         Harm     .   j - +1 cloak (curse)
rCorr    .         Rampage  .   (gloves unavailable)
MR       +....                  (boots unavailable)
Stlth    ++++++....             q - amulet of reflection (curse)
HPRegen  0.17/turn              p - ring of stealth
MPRegen  0.12/turn              w - ring of flight

@: very quick
A: very small, unfitting armour, talons 1, rugged brown scales 1, see invisible,
speed 3, screaming 1
a: Curse Item, Scrying, Renounce Religion, Evoke Flight


You were on level 11 of the Dungeon.
You worshipped Ashenzari.
Ashenzari was aware of your devotion.
You visited 2 branches of the dungeon, and saw 11 of its levels.

You collected 548 gold pieces.

Inventory:

Hand Weapons
 a - a cursed +1 short sword (weapon)
 v - a +4 vorpal mace
Armour
 b - a +1 robe of positive energy (worn)
 j - a cursed +1 cloak (worn)
 t - a cursed +1 hat (worn)
 u - a cursed +1 buckler (worn)
Jewellery
 p - a ring of stealth (left hand)
 q - a cursed amulet of reflection (around neck)
 w - a ring of flight (right hand)
 y - an uncursed ring of ice
Wands
 g - a wand of digging (10)
 i - a wand of polymorph (6)
 l - a wand of acid (1)
 o - a wand of flame (13)
 s - a wand of disintegration (3)
Scrolls
 c - a scroll of fog
 d - 2 scrolls of magic mapping
 e - 2 scrolls of fear
 k - 8 scrolls of teleportation
 m - 2 scrolls of remove curse
Potions
 f - 2 potions of haste
 h - a potion of heal wounds
 n - 2 potions of flight
 r - 3 potions of stabbing
 x - a potion of brilliance
 A - a potion of lignification


   Skills:
 - Level 5.2 Fighting
 - Level 7.9 Short Blades
 - Level 9.7 Dodging
 - Level 10.7 Stealth
 - Level 4.0 Shields
 + Level 9.2 Evocations


You had 9 spell levels left.
You didn't know any spells.
Your spell library contained the following spells:

 Spells                   Type           Power        Failure   Level
 Corona                   Hex            #......      36%         1
 Magic Dart               Conj           #...         36%         1
 Blink                    Tloc           N/A          50%         2
 Call Imp                 Summ           #.......     50%         2
 Ensorcelled Hibernation  Hex/Ice        #.....       50%         2
 Slow                     Hex            #.......     50%         2
 Confusing Touch          Hex            #.......     75%         3
 Conjure Flame            Conj/Fire      #.......     75%         3
 Dazzling Flash           Conj/Hex       #.....       75%         3
 Mephitic Cloud           Conj/Pois/Air  #.......     75%         3
 Tukima's Dance           Hex            #.......     75%         3


Dungeon Overview and Level Annotations

Branches:
Dungeon (9/15)             Temple (1/1) D:7             Orc (0/2) D:11
   Lair: D:8-11

Altars:
Ashenzari
Cheibriados
Dithmenos
Elyvilon
Fedhas
Gozag
Hepliaklqana
Kikubaaqudgha
Makhleb
Nemelex Xobeh
Okawaru
Qazlal
Ru
Sif Muna
Trog
Uskayaw
Vehumet
Wu Jian
Xom
Yredelemnul
Zin
The Shining One

Annotations:
D:4 2 runed translucent doors, Turbonekonecno's ghost, amateur OpVM
D:8 2 transporters, fly's ghost, novice TeAE


Innate Abilities, Weirdness & Mutations

You are very small and have problems with some larger weapons.
You are too small for most types of armour.
You have supernaturally acute eyesight. (SInv)
You cover ground extremely quickly.
You have sharp toenails.
You are partially covered in rugged brown scales. (AC +1, +3% HP)
You occasionally shout uncontrollably at your foes.


Message History

A yak comes into view.
The yak bellows!
A yak comes into view.
The yak bellows!
A yak comes into view. x3
The bullfrog moves out of view.
The yak bellows!
Found three items.
The yak bellows! x2
Found 18 stones.
Found 17 poisoned darts.
As you read the scroll of magic mapping, it crumbles to dust.
You feel aware of your surroundings.
A two-headed ogre comes into view.
It is wielding two +0 giant spiked clubs.
Found 22 stones.
A cyclops comes into view.
The cyclops shouts!
The cyclops throws a large rock.
The large rock hits you!!!
Ouch! That really hurt!
You die...

****,,,,,,,,,,*,,***,,,,,,***,
*,,.......C...##**,,,,,,,*,
*,,............#**,,,,*,,,,
**,,............,,*,,^**,,**
**,,,...........*,,..,,**,,**
*,,,*..........,**.(#*,,,,,,,
**,,,,,#.......#**#.#*,,,,,,,*
*,,,,,,*,#..(..###.(##,,,,,,,*
*,,,....*#...@.#......,**,,,**
****....###......##,,,****,,**
**#...####h....##.#* **,***
#*##...#..YY......#***,,,*
#.#....#.YY........**,,,,*
*#........../.......*,,****
*........Y..........,,,,*
*#.....Y....###.....,,,**
*#......!..........,,,*


You could see a cyclops, 5 yaks and a hound.

Vanquished Creatures
  A two-headed ogre (D:8)
  Pikel (D:4)
  Psyche (D:8)
  Prince Ribbit (D:5)
  2 orc warriors
  A water moccasin (D:7)
  A black bear (D:6)
  A necrophage (D:8)
  5 ogres
  A lemure (D:4)
  5 centaurs
  Blork the orc (D:4)
  A bullfrog (D:8)
  Dowan (D:7)
  2 wyvern skeletons (D:8)
  3 scorpions
  5 killer bees (D:7)
  2 howler monkeys
  A crimson imp (D:6)
  A quasit (D:7)
  5 hounds
  2 jellies
  9 orc wizards
  A centaur skeleton (D:6)
  4 iguanas
  8 worker ants
  A killer bee zombie (D:8)
  2 howler monkey zombies
  A worker ant zombie (D:4)
  Robin (D:3)
  A howler monkey skeleton (D:8)
  10 adders
  A shadow imp (D:7)
  An ufetubus (D:7)
  An ooze (D:5)
  An adder zombie (D:8)
  7 worms
  7 leopard geckos
  27 orcs
  8 bats
  2 giant cockroaches (D:4)
  10 goblins
  12 hobgoblins
  10 jackals
  5 kobolds
  3 quokkas
  3 frilled lizards
  A jackal skeleton (D:7)
  2 leopard gecko skeletons
  A leopard gecko zombie (D:7)
  3 rats
187 creatures vanquished.

Vanquished Creatures (collateral kills)
  2 orc wizards (D:6)
  A hound skeleton (D:6)
3 creatures vanquished.

Vanquished Creatures (others)
  An orc warrior (D:6)
1 creature vanquished.

Grand Total: 191 creatures vanquished

Notes
Turn   | Place    | Note
-------+----------+-------------------------------------------
     0 | D:5      | Ijustatesigmund the Spriggan Delver began the quest for the
                  | Orb.
     0 | D:5      | Reached XP level 1. HP: 11/11 MP: 2/2
     7 | D:5      | Noticed an iguana
    61 | D:5      | Reached XP level 2. HP: 16/16 MP: 3/3
   299 | D:4      | Noticed an ogre
   302 | D:4      | Reached XP level 3. HP: 19/19 MP: 4/4
   793 | D:1      | Reached XP level 4. HP: 17/23 MP: 5/5
   801 | D:1      | Reached skill level 5 in Dodging
  1048 | D:1      | Gained mutation: You occasionally shout uncontrollably at
                  | your foes. [potion of mutation]
  1048 | D:1      | Gained mutation: You have sharp toenails. [potion of
                  | mutation]
  1048 | D:1      | Gained mutation: You are partially covered in rugged brown
                  | scales. (AC +1, +3% HP) [potion of mutation]
  2074 | D:3      | Noticed Robin
  2425 | D:3      | Killed Robin
  2686 | D:3      | Found a basalt altar of Yredelemnul.
  2884 | D:4      | Reached XP level 5. HP: 27/27 MP: 6/6
  2964 | D:4      | Noticed a lemure
  2967 | D:4      | Noticed Pikel
  2967 | D:4      | Noticed a lemure
  2967 | D:4      | Noticed a lemure
  2968 | D:4      | Killed a lemure
  2972 | D:4      | Found a large runed translucent door.
  3318 | D:4      | Noticed Blork the orc
  3335 | D:4      | Killed Blork the orc
  3335 | D:4      | Reached skill level 5 in Short Blades
  3335 | D:4      | Reached XP level 6. HP: 29/32 MP: 7/7
  3632 | D:4      | Killed Pikel
  3632 | D:4      | Reached XP level 7. HP: 38/38 MP: 8/8
  4015 | D:4      | Found a stormy altar of Qazlal.
  4130 | D:4      | Reached skill level 1 in Shields
  4220 | D:4      | Found a large runed translucent door.
  4222 | D:4      | Noticed Turbonekonecno's ghost (amateur OpVM)
  4251 | D:4      | Found a glowing golden altar of the Shining One.
  4263 | D:4      | Reached XP level 8. HP: 43/43 MP: 9/9
  4382 | D:5      | Found a hide-covered altar of Uskayaw.
  4741 | D:5      | Found a shimmering blue altar of Sif Muna.
  5298 | D:5      | Reached skill level 8 in Stealth
  5426 | D:6      | Reached skill level 9 in Stealth
  5551 | D:6      | Noticed Prince Ribbit
  5594 | D:5      | Killed Prince Ribbit
  5608 | D:6      | Reached skill level 10 in Stealth
  5649 | D:6      | Found a broken altar of Ashenzari.
  6019 | D:6      | Reached XP level 9. HP: 42/46 MP: 10/10
  6466 | D:6      | Found a radiant altar of Vehumet.
  6467 | D:6      | Found a burning altar of Makhleb.
  6550 | D:7      | Found a bloodstained altar of Trog.
  6779 | D:7      | Upgraded the game from 0.26-a0-664-gc8b27b8fc1 to
                  | 0.26-a0-665-gefeb406119
  6783 | D:7      | Found a staircase to the Ecumenical Temple.
  6965 | Temple   | Entered the Ecumenical Temple
  7116 | D:6      | Became a worshipper of Ashenzari the Shackled
  7447 | D:7      | Reached skill level 1 in Evocations
  7535 | D:7      | Noticed Duvessa
  7535 | D:7      | Noticed Dowan
  7574 | D:7      | Noticed Duvessa
  7574 | D:7      | Duvessa changed into Duvessa the wolf
  7579 | D:7      | Noticed Duvessa
  7579 | D:7      | Duvessa the wolf changed into Duvessa the ogre
  7584 | D:7      | Killed Duvessa the ogre
  7584 | D:7      | Reached skill level 5 in Fighting
  7671 | D:7      | Killed Dowan
  7818 | D:7      | Found an ancient bone altar of Kikubaaqudgha.
  7819 | D:7      | Found a glowing silver altar of Zin.
  8180 | D:7      | Found a shimmering altar of Xom.
  8386 | D:8      | Noticed a two-headed ogre
  8755 | D:8      | Reached * piety under Ashenzari
  8805 | D:8      | Reached skill level 5 in Evocations
  9381 | D:8      | Found a transporter.
  9382 | D:8      | Found a transporter.
  9382 | D:8      | Noticed fly's ghost (novice TeAE)
  9629 | D:8      | Noticed a two-headed ogre
  9634 | D:8      | Killed a two-headed ogre
  9634 | D:8      | Reached XP level 10. HP: 51/51 MP: 11/11
  9689 | D:9      | Noticed Psyche
  9692 | D:9      | Noticed a two-headed ogre
  9722 | D:8      | Killed Psyche
  9900 | D:8      | You fall into a shaft and drop 3 floors!
  9967 | D:11     | Noticed an unseen horror
  9968 | D:11     | Noticed a green ugly thing
  9984 | D:11     | Noticed a boulder beetle
  9996 | D:11     | Noticed a red ugly thing
 10002 | D:11     | Noticed a two-headed ogre
 10005 | D:11     | Noticed a cyclops
 10005 | D:11     | Hit by a large rock thrown by a cyclops

Illustrated notes

Levels and vault maps discovered:
D:1:      minmay_arrival_split_and_join, layout_rooms, minmay_misc_feat_plants
D:2:      layout_loops_ring
D:3:      layout_basic, hex_intersection, yredelemnul_altar_generic, uniq_robin
D:4:      minmay_chambers_of_fours, layout_basic,
          nicolae_qazlal_eye_of_the_storm, kennysheep_mini_moat,
          ebering_ghost_disaster_area, uniq_pikel, uniq_blork_the_orc
D:5:      layout_basic, marbit_many_paths, led_sif_book
D:6:      layout_gridville, grunt_temple_overflow_lords_of_destruction,
          nicolae_overflow_crystal_walls, uniq_prince_ribbit1
D:7:      layout_gridville, lemuel_crystal_altar, xom_teletrap_fun,
          gammafunk_temple_overflow_pools, temple_fountains,
          grunt_ministairs_11, uniq_duvessa
D:8:      layout_gridville, gammafunk_ghost_arena
D:9:      layout_cave_pools, special_room [special_room_bee],
          minmay_misc_feat_encased, minmay_lizard_king, uniq_grum, uniq_erica,
          uniq_psyche
D:11:     layout_cave_pools, hiddenorc2_lemuel, hangedman_decor_lopped,
          uniq_erolcha
Temple:   eino_temple_lava

Skill      XL: |  1  2  3  4  5  6  7  8  9 10 |
---------------+-------------------------------+-----
Short Blades   | 3 4 5 6 7 |  7.9
Dodging        | 4 5 6 8 9 |  9.7
Fighting       | 3 4 5 |  5.2
Shields        | 1 3 4 |  4.0
Stealth        | 10 | 10.7
Evocations     | 8 9 |  9.2

Action                   |  1- 3 |  4- 6 |  7- 9 | 10-12 || total
-------------------------+-------+-------+-------+-------++-------
Melee: Short sword       |    71 |   157 |   661 |    50 ||   939
       Kick              |       |    29 |   200 |    13 ||   242
       Unarmed           |       |       |     3 |       ||     3
Throw: Throwing net      |       |       |     2 |       ||     2
Invok: Curse Item        |       |       |     5 |       ||     5
Evoke: Wand              |     3 |     8 |    38 |     3 ||    52
  Use: Scroll            |     3 |     6 |     9 |     3 ||    21
       Potion            |       |     1 |     1 |     2 ||     4
 Stab: Sleeping          |     6 |    16 |    23 |       ||    45
       Paralysed         |     1 |     2 |     3 |       ||     6
       Distracted        |       |       |     3 |       ||     3
       Held in net/web   |       |       |     1 |       ||     1
Armor: Robe              |     7 |    14 |    30 |     4 ||    55
Dodge: Dodged            |    52 |   128 |   323 |    54 ||   557
Block: Other             |       |    22 |       |       ||    22
       Buckler           |       |     5 |   372 |    61 ||   438
       Reflection        |       |       |     5 |     5 ||    10

Table legend: (Time is in decaauts)
 A = Elapsed time spent in this place.
 B = Non-inter-level travel time spent in this place.
 C = Inter-level travel time spent in this place.
 D = Time resting spent in this place.
 E = Time spent auto-exploring this place.
 F = Levels seen in this place.
 G = Mean time per level.
                   A        B        C        D        E       F      G
               +--------+--------+--------+--------+--------+-----+--------+
         Total |   7640 |   7435 |    205 |   2606 |   2931 |  11 |  694.5 |
       Dungeon |   7595 |   7395 |    200 |   2606 |   2892 |  10 |  759.5 |
        Temple |     44 |     39 |      5 |      0 |     39 |   1 |   44.0 |
               +--------+--------+--------+--------+--------+-----+--------+

Top non-repeatable levels by time:
     D:7: 1809 daAuts
     D:5: 1111 daAuts
     D:4: 1072 daAuts
     D:2: 916 daAuts
     D:6: 763 daAuts
     D:8: 715 daAuts
     D:1: 586 daAuts
     D:3: 544 daAuts
    D:11: 69 daAuts
  Temple: 44 daAuts
     D:9: 6 daAuts
